AoeStats
← VyM

Arabian Desert

510074844Analyzed
1v1 RM · 3d ago on Sep 29, 2026· 36m 56s· 2 players
Game mode
Random Map
Map size
Tiny (2 player)
Population
200
Speed
Normal
Resources
Standard
Victory
Conquest
Starting age
Dark Age
Ending age
Imperial Age
RankedLock teamsTeams togetherTeam positionsShared explorationLock speedFull tech treeHidden civsTurbo modeCheats
Victory
Defeat
🇦🇷 Persians · Argentina
1131
+17
🇦🇷 Spanish · Argentina
1158
-17
jinbar
9:13 Feudal Age
9:29 Loom
10:12 Double-Bit Axe
16:27 Wheelbarrow
20:41 Castle Age
19:05 Gold Mining
18:59 Horse Collar
19:43 Bloodlines
21:01 Forging
20:57 Scale Barding Armor
23:13 Husbandry
26:15 Fletching
33:58 Imperial Age
33:02 Padded Archer Armor
34:24 Cavalier
35:21 Hand Cart
35:32 Bow Saw
36:00 Chain Barding Armor
36:23 Ballistics
35:30 Elite Skirmisher
VyM
7:03 Loom
9:17 Feudal Age
9:44 Double-Bit Axe
19:10 Wheelbarrow
18:48 Horse Collar
22:20 Castle Age
20:52 Gold Mining
22:32 Fletching
22:46 Padded Archer Armor
22:42 Town Watch
23:15 Bow Saw
24:09 Fletching
31:08 Husbandry
33:10 Bloodlines
36:13 Hand Cart
36:52 Leather Archer Armor
Connection lost

Rejoining the realm…

Still unreachable

The connection could not be restored.

Session expired

The server has moved on; the page needs a fresh start.